 Dungeon Crawl Stone Soup version 0.31-a0-949-g57150269e1 (webtiles) character file.

Game seed: 3922365522124431941

893 Kurtz the Chopper (level 7, -11/52 HPs)
             Began as a Mummy Delver on Oct 22, 2023.
             Engulfed by a steam dragon's steam (18 damage)
             ... on level 5 of the Dungeon.
             The game lasted 00:05:45 (4061 turns).

Kurtz the Chopper (Mummy Delver)                    Turns: 4061, Time: 00:05:46

Health: -11/52     AC: 13    Str: 21    XL:     7   Next: 78%
Magic:  0/7        EV: 11    Int: 10    God:
Gold:   205        SH:  5    Dex: 15    Spells: 6/6 levels left

rFire   x . .        g - +6 hand axe
rCold   + . .        x - +0 buckler
rNeg    + + +        u - +0 plate armour
rPois   ∞            t - +0 helmet
rElec   .            (no cloak)
rCorr   .            v - +0 pair of gloves
SInv    .            m - +0 pair of boots
Will    .....        w - amulet of guardian spirit Stlth
                     j - +5 ring of evasion
HPRegen 0.28/turn    p - +6 ring of strength
MPRegen 0.10/turn

%: guardian spirit, faith
@: no status effects
A: cold resistance 1, negative energy resistance 3, torment resistance 2, heat
vulnerability 1, in touch with death 1, no potions, faith
a: no special abilities


You were on level 5 of the Dungeon.
You visited 1 branch of the dungeon, and saw 5 of its levels.

You collected 205 gold pieces.

Inventory:

Hand Weapons
 g - a +6 hand axe (weapon)
 h - a +0 war axe
Missiles
 l - 8 poisoned darts (quivered)
Armour
 b - a +0 leather armour
 m - a +0 pair of boots (worn)
 t - a +0 helmet (worn)
 u - a +0 plate armour (worn)
 v - a +0 pair of gloves (worn)
 x - a +0 buckler (worn)
Jewellery
 j - a +5 ring of evasion (left hand)
 p - a +6 ring of strength (right hand)
 w - an amulet of guardian spirit (around neck)
Wands
 f - a wand of digging (3)
 y - a wand of flame (15)
Scrolls
 a - a scroll of noise {unknown}
 c - 4 scrolls of fog
 d - 4 scrolls of revelation
 e - a scroll of fear
 i - a scroll of vulnerability {unknown}
 k - a scroll of enchant weapon {unknown}
 n - a scroll of blinking {unknown}
 o - a scroll of poison {unknown}
 q - 6 scrolls of identify {unknown}
 r - 2 scrolls of teleportation {unknown}
 s - 2 scrolls of acquirement {unknown}


   Skills:
 - Level 3.0 Fighting
 * Level 6.9 Axes
 - Level 1.5 Dodging
 - Level 4.1 Stealth
 * Level 2.8 Shields


You had 6 spell levels left.
You didn't know any spells.
Your spell library contained the following spells:

 Spells                   Type           Power      Damage    Failure   Level
 Slow                     Hex            0%         N/A       100%        1
 Confusing Touch          Hex            0%         N/A       100%        3
 Ignite Poison            Fire/Tmut/Pois 0%         N/A       100%        3
 Sigil of Binding         Hex            0%         N/A       100%        3
 Vampiric Draining        Necr           0%         2d6       100%        3
 Sticky Flame             Conj/Fire      0%         2d3       100%        4
 Ignition                 Fire           0%         3d3       100%        8


Dungeon Overview and Level Annotations

Branches:
Dungeon (5/15)
 Temple: D:4-7

Altars:

Annotations:
D:5 2 transporters, Sundig's ghost, novice MiFi


Innate Abilities, Weirdness & Mutations

You are immune to poison.
Your flesh is cold resistant. (rC+)
You are immune to negative energy. (rN+++)
You are immune to unholy pain and torment.
You are vulnerable to heat. (rF-)
You are in touch with the powers of death.
You do not drink.
You have a special connection with the divine. (Faith)


Message History

Unknown command.
Aiming: Throw Flame
Press: ? - help, Q - select action, (/) - cycle Shift-Dir - straight line, f/p - steam dragon
Aim: a steam dragon (moderately wounded, 68% to hit)
The puff of flame hits the steam dragon.
The steam dragon is heavily wounded.
Unknown command.
Throw: 10 darts (poison)
Press: ? - help, Q - select action, (/) - cycle Shift-Dir - straight line, f/p - steam dragon
Aim: a steam dragon (heavily wounded, 56% to hit)
You throw a poisoned dart.
The poisoned dart closely misses the steam dragon.
Unknown command.
Throw: 9 darts (poison)
Press: ? - help, Q - select action, (/) - cycle Shift-Dir - straight line, f/p - steam dragon
Aim: a steam dragon (heavily wounded, 56% to hit)
You throw a poisoned dart.
The poisoned dart closely misses the steam dragon.
The steam dragon breathes steam at you. The ball of steam hits you!!
The steam scalds you terribly!
You barely miss the steam dragon.
The steam dragon is heavily wounded.
You are engulfed in a cloud of scalding steam.
The steam dragon closely misses you.
The steam dragon claws you but does no damage.
You slash the steam dragon!
The steam dragon is severely wounded.
You are engulfed in a cloud of scalding steam.
The steam dragon bites you but does no damage.
The steam dragon claws you but does no damage.
Unknown command.
You closely miss the steam dragon.
The steam dragon is severely wounded.
The steam dragon breathes steam at you. The ball of steam hits you!
The steam scalds you terribly!
* * * LOW HITPOINT WARNING * * *
You hit the steam dragon.
The steam dragon is almost dead.
You are engulfed in a cloud of scalding steam.
You die...

........ #.# #.# #.# .#######
######.# #.# #.# .# #......#
#.# #.# !# #.###### #.# #.# .#
#.# #†# #.. .# #.# #.# #.> ##
#.# ########.#######..
########.#####...##............
#......(.....D@#<..............
#.######.####.###)..#.######...
###.# #.###...#..###.# #.#.
..#.# ##.##.......###.# #.##
#.#.# #...............# #.#
#.#.# #..##.....#.##### #.#
#.#.# #.D###....#.# #.#
#.#.#####..>........# #.#
#.#.............#.### ####.#


You could see a steam dragon (catching breath).

Vanquished Creatures
  2 ice beasts (D:5)
  A black bear (D:4)
  A phantom (D:5)
  A bullfrog (D:3)
  A scorpion (D:4)
  A jelly (D:5)
  An iguana (D:4)
  Natasha (thrice) (D:4)
  Robin (D:3)
  9 adders
  8 gnolls
  3 worms
  6 orcs
  6 endoplasms
  4 giant cockroaches
  15 goblins
  13 hobgoblins
  4 jackals (D:5)
  7 quokkas
  9 ball pythons
  10 bats
  4 frilled lizards
  11 kobolds
  5 rats
126 creatures vanquished.

Notes
Turn   | Place    | Note
-------+----------+-------------------------------------------
     0 | D:5      | Kurtz the Mummy Delver began the quest for the Orb.
     0 | D:5      | Reached XP level 1. HP: 18/18 MP: 1/1
    58 | D:3      | Reached skill level 2 in Axes
    58 | D:3      | Reached XP level 2. HP: 21/24 MP: 2/2
   241 | D:3      | Noticed a bullfrog
   347 | D:2      | Reached XP level 3. HP: 29/29 MP: 3/3
   588 | D:1      | Reached skill level 3 in Axes
  1131 | D:2      | Reached XP level 4. HP: 35/35 MP: 4/4
  1528 | D:3      | Noticed Robin
  1537 | D:3      | Killed Robin
  1538 | D:3      | Reached skill level 4 in Axes
  1648 | D:3      | Killed a bullfrog
  1649 | D:3      | Reached XP level 5. HP: 22/41 MP: 5/5
  1771 | D:3      | Found a faded altar of an unknown god.
  2210 | D:3      | Reached skill level 5 in Axes
  2444 | D:4      | Reached XP level 6. HP: 12/47 MP: 6/6
  2648 | D:4      | Noticed Natasha
  2659 | D:4      | Killed Natasha
  2741 | D:4      | Noticed Natasha
  2786 | D:4      | Killed Natasha
  2839 | D:4      | Noticed Natasha
  2844 | D:4      | Killed Natasha
  2978 | D:4      | Reached skill level 6 in Axes
  3033 | D:4      | Reached XP level 7. HP: 42/52 MP: 7/7
  3366 | D:5      | Noticed Sundig's ghost (novice MiFi)
  3391 | D:5      | Found a transporter.
  3414 | D:5      | Found a transporter.
  3662 | D:5      | Reached skill level 1 in Shields
  3914 | D:5      | Noticed a steam dragon
  4061 | D:5      | Engulfed by a steam dragon's steam

Illustrated notes

Levels and vault maps discovered:
D:1:      scummos_arrival_checkerplants, layout_basic, minmay_heptomino_l4
D:2:      minmay_angry_zag, layout_loops_ring, nicolae_elevator_lobby_plus
D:3:      wad_crossroads, layout_basic, nicolae_overflow_ecumenical_swirl,
          minmay_joined_circles, uniq_robin
D:4:      layout_layer_cave, minmay_misc_feat_square, minmay_misc_feat_tower,
          uniq_natasha
D:5:      layout_loops_ring, nemelex_diamond_rough_becter, lemuel_doored_altar,
          gammafunk_ghost_hive, serial_bayou_pond_e,
          corexii_item_surrounded_by_moat

Skill      XL: |  1  2  3  4  5  6  7 |
---------------+----------------------+-----
Axes           | 2 3 4 5 6 |  6.9
Shields        | 2 |  2.8
Fighting       | |  3.0
Dodging        | |  1.5
Stealth        | |  4.1

Action                     |  1- 3 |  4- 6 |  7- 9 || total
---------------------------+-------+-------+-------++-------
  Melee: Hand axe          |    84 |   157 |    66 ||   307
         Punch             |     1 |     1 |     1 ||     3
  Throw: Dart              |       |     2 |     3 ||     5
  Evoke: Wand              |       |       |     8 ||     8
   Stab: Sleeping          |    17 |     4 |       ||    21
 Armour: Leather armour    |    17 |    18 |       ||    35
         Plate armour      |       |    63 |    40 ||   103
  Dodge: Dodged            |    68 |    97 |    32 ||   197
  Block: Buckler           |       |       |     1 ||     1

Table legend: (Time is in decaauts)
 A = Elapsed time spent in this place.
 B = Non-inter-level travel time spent in this place.
 C = Inter-level travel time spent in this place.
 D = Time resting spent in this place.
 E = Time spent auto-exploring this place.
 F = Levels seen in this place.
 G = Mean time per level.
                   A        B        C        D        E       F      G
               +--------+--------+--------+--------+--------+-----+--------+
         Total |   4079 |   3971 |    108 |    352 |   2656 |   5 |  815.8 |
       Dungeon |   4079 |   3971 |    108 |    352 |   2656 |   5 |  815.8 |
               +--------+--------+--------+--------+--------+-----+--------+

Top non-repeatable levels by time:
     D:3: 1183 daAuts
     D:4: 898 daAuts
     D:5: 775 daAuts
     D:2: 662 daAuts
     D:1: 559 daAuts
